Avalanche vs Stars
Created - 11 décembre 2012 at 19:04
Goals
|
| Avalanche |
0 |
1 |
1 |
2 |
| Stars |
1 |
0 |
2 |
3 |
|
Shots
|
| Avalanche |
16 |
8 |
6 |
30 |
| Stars |
12 |
9 |
14 |
35 |
|
1st period
1. Stars , Alexei Kovalev 3 (Mike Modano) at 19:22 (PP)
Penalties :
Mike Comrie (Col) for High sticking (Minor) at 18:12
2nd period
2. Avalanche , Éric Perrin 1 (Sami Salo, Andrew Ladd) at 2:09
Penalties :
Bobby Ryan (Col) for Holding (Minor) at 8:30, Ossi Vaananen (Col) for High sticking (Minor) at 11:01, Rostislav Olesz (Col) for Holding (Minor) at 18:06
3rd period
3. Stars , Patrik Elias 3 (David Legwand, Nathan Horton) at 2:31
4. Stars , Patrik Elias 4 (David Legwand, Mathieu Schneider) at 18:16 (PP)
5. Avalanche , Sami Salo 2 (Ryan Smyth, Jeremy Roenick) at 19:38 (PP)
Penalties :
Jeremy Roenick (Col) for Holding (Minor) at 17:32, Johnny Oduya (Dal) for Attempt to injure (Major / Game Misconduct) at 19:32
Goalie Stats
Antti Niemi (Col), 32 saves from 35 shots - (0,914), L, 2-3-0, 59:52 minutes
Chris Osgood (Dal), 28 saves from 30 shots - (0,933), W, 1-1-0, 60:00 minutes
Players Stats for Avalanche
Player Name G A P +/- PIM S H SB GA TA FO MP PP MP PK MP
------------------------------------------------------------------------------------
Andrew Ladd 0 1 1 0 0 0 3 0 0 1 0/0 13:19 0:00 0:54
Bobby Ryan 0 0 0 -1 2 2 4 1 2 0 1/1 15:21 0:02 0:46
Chuck Kobasew 0 0 0 0 0 3 1 0 0 0 1/3 14:08 0:00 1:55
Éric Perrin 1 0 1 1 0 2 0 0 0 0 2/3 7:53 0:00 0:41
Frantisek Kaberle 0 0 0 1 0 1 0 1 0 0 0/0 17:10 0:00 0:25
Jack Johnson 0 0 0 0 0 1 4 1 2 0 0/0 23:12 0:27 3:21
Jarkko Ruutu 0 0 0 -1 0 1 1 0 1 0 0/0 16:13 0:00 1:55
Jason Pominville 0 0 0 0 0 2 2 0 1 0 0/0 18:13 0:25 0:00
Jeremy Roenick 0 1 1 0 2 1 0 2 1 0 17/29 18:12 0:25 0:00
Marc Staal 0 0 0 0 0 4 1 0 0 2 0/0 24:16 0:00 4:30
Martin Lapointe 0 0 0 1 0 1 0 0 1 0 0/0 12:11 0:00 4:46
Mike Comrie 0 0 0 -1 2 1 0 0 1 0 6/14 14:16 0:02 0:00
Ossi Vaananen 0 0 0 1 2 1 1 1 0 3 0/0 20:13 0:00 3:11
Rod Brind'Amour 0 0 0 0 0 4 0 2 0 0 8/15 17:12 0:00 4:45
Ron Hainsey 0 0 0 -1 0 0 0 2 0 0 0/0 17:59 0:00 3:02
Rostislav Olesz 0 0 0 1 2 1 1 0 0 0 0/0 7:21 0:02 0:00
Ryan Smyth 0 1 1 0 0 3 1 0 2 0 0/1 18:13 0:25 0:00
Sami Salo 1 1 2 -1 0 2 0 1 0 0 0/0 16:42 0:27 1:13
Players Stats for Stars
Player Name G A P +/- PIM S H SB GA TA FO MP PP MP PK MP
------------------------------------------------------------------------------------
Alexei Kovalev 1 0 1 0 0 6 1 0 1 0 0/1 18:50 3:24 0:00
Branislav Mezei 0 0 0 1 0 2 3 0 0 1 0/0 19:12 2:37 0:27
Brendan Bell 0 0 0 0 0 0 0 1 0 1 0/0 16:26 2:37 0:00
Cory Stillman 0 0 0 0 0 1 2 0 0 0 0/0 19:17 3:24 0:27
David Legwand 0 2 2 1 0 4 2 1 0 0 17/31 20:17 4:07 0:00
Evgeny Artyukhin 0 0 0 0 0 1 1 0 0 0 0/1 10:42 0:20 0:00
Filip Novak 0 0 0 1 0 0 0 1 0 1 0/0 16:35 0:00 0:27
Glen Metropolit 0 0 0 -1 0 1 0 0 0 1 0/1 9:44 0:00 0:00
Jan Hlavac 0 0 0 -1 0 2 1 0 2 0 0/0 9:44 0:00 0:00
Johnny Oduya 0 0 0 -1 15 1 3 3 0 2 0/0 26:58 5:14 0:00
Marcus Nilson 0 0 0 0 0 2 0 0 0 0 0/0 10:42 0:20 0:00
Mark Parrish 0 0 0 -1 0 2 1 0 0 0 0/0 9:44 0:00 0:00
Mathieu Schneider 0 1 1 -1 0 2 0 1 2 0 0/0 26:59 5:14 0:00
Mike Modano 0 1 1 0 0 1 1 1 0 0 10/23 19:17 3:24 0:27
Nathan Horton 0 1 1 1 0 1 3 0 0 4 1/1 20:17 4:07 0:00
Patrik Elias 2 0 2 1 0 6 2 0 1 1 0/1 20:17 4:07 0:00
Randy Jones 0 0 0 0 0 3 2 1 0 0 0/0 13:49 0:00 0:00
Steve Rucchin 0 0 0 0 0 0 2 0 0 0 3/7 10:42 0:20 0:00
3 Stars
1 - Patrik Elias (Dal)
2 - David Legwand (Dal)
3 - Sami Salo (Col)
Power Play
Avalanche - 1 on 1 Attempt(s) - 100,00%
Stars - 2 on 5 Attempt(s) - 40,00%
Penalty Kill
Avalanche - 3 on 5 Attempt(s) - 60,00%
- Score 0 goal in Penalty Kill
Stars - 0 on 1 Attempt(s) - 0,00%
- Score 0 goal in Penalty Kill
Official
Referees : O'Halloran Dan and Sutherland Kelly
Linesman : Brian Murphy and Lonnie Cameron
Game Notes
Johnny Oduya ejected from game at 19:32 of 3rd period
Finance
Level 1 -- Attendance: 4315 (71,92%) -- Ticket Income 431 500 $
Level 2 -- Attendance: 3527 (70,54%) -- Ticket Income 211 620 $
Level 3 -- Attendance: 1532 (76,60%) -- Ticket Income 53 620 $
Level 4 -- Attendance: 3776 (94,40%) -- Ticket Income 75 520 $
Luxury Box -- Attendance: 799 (79,90%) -- Ticket Income 159 800 $
Game was played at the American Airlines Center
Total Attendance: 13949 (77,49%)
Total Ticket Income: 932 060 $
Total Income: 932 060 $
Avalanche
5 vs 5 Forward
Center Left Wing Right Wing Time % Phy DF OF
1 Jeremy Roenick Ryan Smyth Jason Pominville 40 1 2 2
2 Mike Comrie Jarkko Ruutu Bobby Ryan 30 1 2 2
3 Rod Brind'Amour Andrew Ladd Chuck Kobasew 20 1 2 2
4 Éric Perrin Rostislav Olesz Martin Lapointe 10 1 2 2
5 vs 5 Defense
Defense Defense Time % Phy DF OF
1 Jack Johnson Marc Staal 40 1 2 2
2 Frantisek Kaberle Ossi Vaananen 32 1 2 2
3 Sami Salo Ron Hainsey 28 1 2 2
4 Jack Johnson Ron Hainsey 0 1 2 2
PowerPlay Forward
Center Left Wing Right Wing Time % Phy DF OF
1 Jeremy Roenick Ryan Smyth Jason Pominville 55 0 2 3
2 Mike Comrie Rostislav Olesz Bobby Ryan 45 0 2 3
PowerPlay Defense
Defense Defense Time % Phy DF OF
1 Sami Salo Jack Johnson 55 1 2 2
2 Frantisek Kaberle Andrew Ladd 45 1 2 2
Penalty Kill 4 Players Forward
Center Wing Time % Phy DF OF
1 Rod Brind'Amour Martin Lapointe 60 1 3 1
2 Chuck Kobasew Jarkko Ruutu 40 1 3 1
Penalty Kill 4 Players Defense
Defense Defense Time % Phy DF OF
1 Marc Staal Ossi Vaananen 60 1 3 1
2 Ron Hainsey Jack Johnson 40 1 3 1
Penalty Kill - 3 Players Forward
Forward Time % Phy DF OF
1 Jeremy Roenick 60 1 3 1
2 Rod Brind'Amour 40 1 3 1
Penalty Kill - 3 Players Defense
Defense Defense Time % Phy DF OF
1 Marc Staal Ossi Vaananen 60 1 3 1
2 Ron Hainsey Jack Johnson 40 1 3 1
4 vs 4 Forward
Center Wing Time % Phy DF OF
1 Rod Brind'Amour Ryan Smyth 60 1 2 2
2 Jeremy Roenick Jason Pominville 40 1 2 2
4 vs 4 Defense
Defense Defense Time % Phy DF OF
1 Frantisek Kaberle Marc Staal 60 1 2 2
2 Jack Johnson Ossi Vaananen 40 1 2 2
Last Minutes Offensive
Center Left Wing Right Wing Defense Defense
Jeremy Roenick Ryan Smyth Jason Pominville Frantisek Kaberle Jack Johnson
Last Minutes Defensive
Center Left Wing Right Wing Defense Defense
Rod Brind'Amour Jarkko Ruutu Martin Lapointe Marc Staal Ossi Vaananen
Goaltenders
Starting : Antti Niemi
Backup : Patrick Lalime
Extra Forwards
Normal : Jeremy Roenick, Ryan Smyth, Jason Pominville - PP : Rod Brind'Amour, Jarkko Ruutu - PK : Bobby Ryan
Extra Defensemen
Normal : Marc Staal, Frantisek Kaberle, Jack Johnson - PP : Ossi Vaananen - PK : Sami Salo, Frantisek Kaberle
Penalty Shots
Ryan Smyth, Mike Comrie, Bobby Ryan, Rod Brind'Amour, Jeremy Roenick
Stars
5 vs 5 Forward
Center Left Wing Right Wing Time % Phy DF OF
1 David Legwand Patrik Elias Nathan Horton 38 1 2 2
2 Mike Modano Cory Stillman Alexei Kovalev 38 1 2 2
3 Steve Rucchin Marcus Nilson Evgeny Artyukhin 17 1 2 2
4 Glen Metropolit Jan Hlavac Mark Parrish 7 1 2 2
5 vs 5 Defense
Defense Defense Time % Phy DF OF
1 Mathieu Schneider Johnny Oduya 40 1 2 2
2 Filip Novak Branislav Mezei 30 1 2 2
3 Brendan Bell Randy Jones 20 1 2 2
4 Mathieu Schneider Johnny Oduya 10 1 2 2
PowerPlay Forward
Center Left Wing Right Wing Time % Phy DF OF
1 David Legwand Patrik Elias Nathan Horton 50 1 2 2
2 Mike Modano Cory Stillman Alexei Kovalev 50 1 2 2
PowerPlay Defense
Defense Defense Time % Phy DF OF
1 Mathieu Schneider Johnny Oduya 60 1 2 2
2 Brendan Bell Branislav Mezei 40 1 2 2
Penalty Kill 4 Players Forward
Center Wing Time % Phy DF OF
1 Mike Modano Cory Stillman 60 1 2 2
2 David Legwand Nathan Horton 40 1 2 2
Penalty Kill 4 Players Defense
Defense Defense Time % Phy DF OF
1 Filip Novak Branislav Mezei 60 1 2 2
2 Johnny Oduya Randy Jones 40 1 2 2
Penalty Kill - 3 Players Forward
Forward Time % Phy DF OF
1 Mike Modano 60 1 2 2
2 David Legwand 40 1 2 2
Penalty Kill - 3 Players Defense
Defense Defense Time % Phy DF OF
1 Filip Novak Branislav Mezei 60 1 2 2
2 Johnny Oduya Randy Jones 40 1 2 2
4 vs 4 Forward
Center Wing Time % Phy DF OF
1 David Legwand Patrik Elias 50 1 2 2
2 Mike Modano Cory Stillman 50 1 2 2
4 vs 4 Defense
Defense Defense Time % Phy DF OF
1 Mathieu Schneider Branislav Mezei 60 1 2 2
2 Filip Novak Brendan Bell 40 1 2 2
Last Minutes Offensive
Center Left Wing Right Wing Defense Defense
Mike Modano Cory Stillman Alexei Kovalev Mathieu Schneider Brendan Bell
Last Minutes Defensive
Center Left Wing Right Wing Defense Defense
Mike Modano Cory Stillman Alexei Kovalev Filip Novak Branislav Mezei
Goaltenders
Starting : Chris Osgood
Backup : Miika Kiprusoff
Extra Forwards
Normal : Steve Rucchin, Marcus Nilson, Glen Metropolit - PP : Steve Rucchin, Marcus Nilson - PK : Glen Metropolit
Extra Defensemen
Normal : Brendan Bell, Randy Jones, Mathieu Schneider - PP : Filip Novak - PK : Randy Jones, Brendan Bell
Penalty Shots
Mike Modano, Alexei Kovalev, Nathan Horton, Cory Stillman, Steve Rucchin
% Time on Ice - Avalanche
Lines # - Real PCT - Wanted PCT - Time Play
Normal Forward
1 - 35% - 40% - 18:03
2 - 28% - 30% - 14:15
3 - 24% - 20% - 12:13
4 - 14% - 10% - 7:11
Normal Defense
1 - 38% - 40% - 19:52
2 - 33% - 32% - 16:53
3 - 29% - 28% - 14:57
4 - 0% - 0% - 0:00
PP Forward
1 - 93% - 55% - 0:25
2 - 7% - 45% - 0:02
PP Defense
1 - 100% - 55% - 0:27
2 - 0% - 45% - 0:00
PK Forward
1 - 76% - 60% - 5:56
2 - 24% - 40% - 1:55
PK Defense
1 - 61% - 60% - 4:49
2 - 39% - 40% - 3:02
PK3 Forward
1 - 0% - 60%
2 - 0% - 40%
PK3 Defense
1 - 0% - 60%
2 - 0% - 40%
44 Forward
1 - 0% - 60%
2 - 0% - 40%
44 Defense
1 - 0% - 60%
2 - 0% - 40%
Last Minute Offensive - 0:00
Last Minute Defensive - 0:00
Total
Forward - 60:00
Defense - 60:00
|
% Time on Ice - Stars
Lines # - Real PCT - Wanted PCT - Time Play
Normal Forward
1 - 31% - 38% - 16:10
2 - 30% - 38% - 15:26
3 - 20% - 17% - 10:22
4 - 19% - 7% - 9:44
Normal Defense
1 - 38% - 40% - 19:50
2 - 31% - 30% - 16:08
3 - 27% - 20% - 13:49
4 - 4% - 10% - 1:55
PP Forward
1 - 57% - 50% - 4:27
2 - 43% - 50% - 3:24
PP Defense
1 - 67% - 60% - 5:14
2 - 33% - 40% - 2:37
PK Forward
1 - 100% - 60% - 0:27
2 - 0% - 40% - 0:00
PK Defense
1 - 100% - 60% - 0:27
2 - 0% - 40% - 0:00
PK3 Forward
1 - 0% - 60%
2 - 0% - 40%
PK3 Defense
1 - 0% - 60%
2 - 0% - 40%
44 Forward
1 - 0% - 50%
2 - 0% - 50%
44 Defense
1 - 0% - 60%
2 - 0% - 40%
Last Minute Offensive - 0:00
Last Minute Defensive - 0:00
Total
Forward - 60:00
Defense - 60:00
|
Play by Play
1st period
0:01 of 1st period - Jeremy Roenick wins face-off versus David Legwand in neutral zone.
0:26 of 1st period - Johnny Oduya is hit by Bobby Ryan and loses puck.
2:00 of 1st period - Snap shot by Jan Hlavac.
2:00 of 1st period - Stopped by Antti Niemi without a rebound.
2:01 of 1st period - Mike Comrie wins face-off versus David Legwand in Avalanche zone.
2:35 of 1st period - Wrist shot by Bobby Ryan.
2:35 of 1st period - Stopped by Chris Osgood without a rebound.
2:36 of 1st period - Jeremy Roenick wins face-off versus Mike Modano in Stars zone.
3:07 of 1st period - Off-side.
3:08 of 1st period - Mike Modano wins face-off versus Rod Brind'Amour in neutral zone.
4:06 of 1st period - Wrist shot by Bobby Ryan.
4:06 of 1st period - Shot Blocked by Johnny Oduya.
4:15 of 1st period - Icing by Marcus Nilson.
4:16 of 1st period - Éric Perrin wins face-off versus Mike Modano in Stars zone.
4:45 of 1st period - Icing by Ossi Vaananen.
4:46 of 1st period - David Legwand wins face-off versus Éric Perrin in Avalanche zone.
4:51 of 1st period - Snap shot by Patrik Elias.
4:51 of 1st period - Shot Misses the Net.
5:25 of 1st period - Snap shot by Patrik Elias.
5:25 of 1st period - Stopped by Antti Niemi with a rebound.
5:50 of 1st period - Snap shot by Rostislav Olesz.
5:50 of 1st period - Stopped by Chris Osgood without a rebound.
5:51 of 1st period - Jeremy Roenick wins face-off versus Mike Modano in Stars zone.
6:17 of 1st period - Marcus Nilson is hit by Bobby Ryan and loses puck.
7:18 of 1st period - Snap shot by Chuck Kobasew.
7:18 of 1st period - Shot Blocked by Brendan Bell.
7:20 of 1st period - Slapshot by Jack Johnson.
7:20 of 1st period - Deflect By Marcus Nilson.
7:20 of 1st period - Stopped by Chris Osgood with a rebound.
7:22 of 1st period - Wrist shot by Rod Brind'Amour.
7:22 of 1st period - Stopped by Chris Osgood with a rebound.
7:24 of 1st period - Wrist shot by Marc Staal.
7:24 of 1st period - Stopped by Chris Osgood without a rebound.
7:25 of 1st period - Jeremy Roenick wins face-off versus Mike Modano in Stars zone.
7:50 of 1st period - Mathieu Schneider is hit by Bobby Ryan and loses puck.
8:48 of 1st period - Snap shot by Glen Metropolit.
8:48 of 1st period - Shot Blocked by Jeremy Roenick.
8:50 of 1st period - Snap shot by Mark Parrish.
8:50 of 1st period - Shot Misses the Net.
8:52 of 1st period - Wrist shot by Mark Parrish.
8:52 of 1st period - Stopped by Antti Niemi with a rebound.
8:54 of 1st period - Snap shot by Glen Metropolit.
8:54 of 1st period - Shot Blocked by Jeremy Roenick.
8:56 of 1st period - Slapshot by Branislav Mezei.
8:56 of 1st period - Deflect By Jason Pominville.
8:56 of 1st period - Stopped by Antti Niemi with a rebound.
9:20 of 1st period - Off-side.
9:21 of 1st period - Steve Rucchin wins face-off versus Mike Comrie in neutral zone.
9:26 of 1st period - Wrist shot by Steve Rucchin.
9:26 of 1st period - Shot Misses the Net.
9:46 of 1st period - Evgeny Artyukhin is hit by Marc Staal and loses puck.
9:53 of 1st period - Slapshot by Ryan Smyth.
9:53 of 1st period - Stopped by Chris Osgood without a rebound.
9:54 of 1st period - Jeremy Roenick wins face-off versus Mike Modano in Stars zone.
9:57 of 1st period - Snap shot by Jason Pominville.
9:57 of 1st period - Shot Misses the Net.
10:20 of 1st period - Sami Salo is hit by Patrik Elias and loses puck.
10:48 of 1st period - Slapshot by Jan Hlavac.
10:48 of 1st period - Stopped by Antti Niemi without a rebound.
10:49 of 1st period - Rod Brind'Amour wins face-off versus Glen Metropolit in Avalanche zone.
10:54 of 1st period - Wrist shot by Rod Brind'Amour.
10:54 of 1st period - Stopped by Chris Osgood with a rebound.
11:39 of 1st period - Snap shot by Chuck Kobasew.
11:39 of 1st period - Shot Blocked by Filip Novak.
11:41 of 1st period - Wrist shot by Marc Staal.
11:41 of 1st period - Stopped by Chris Osgood with a rebound.
12:01 of 1st period - Slapshot by Jan Hlavac.
12:01 of 1st period - Deflect By Mark Parrish.
12:01 of 1st period - Stopped by Antti Niemi with a rebound.
12:03 of 1st period - Slapshot by Branislav Mezei.
12:03 of 1st period - Shot Blocked by Rod Brind'Amour.
12:25 of 1st period - Snap shot by Rod Brind'Amour.
12:25 of 1st period - Stopped by Chris Osgood with a rebound.
12:27 of 1st period - Snap shot by Chuck Kobasew.
12:27 of 1st period - Stopped by Chris Osgood without a rebound.
12:28 of 1st period - Mike Modano wins face-off versus Jeremy Roenick in Stars zone.
12:41 of 1st period - Slapshot by Jeremy Roenick.
12:41 of 1st period - Shot Blocked by Johnny Oduya.
12:53 of 1st period - David Legwand is hit by Jarkko Ruutu and loses puck.
13:02 of 1st period - Backhand shot by David Legwand.
13:02 of 1st period - Deflect By Frantisek Kaberle.
13:02 of 1st period - Shot Misses the Net.
13:02 of 1st period - Puck is out of play.
13:03 of 1st period - Mike Comrie wins face-off versus Mike Modano in Avalanche zone.
13:28 of 1st period - Patrik Elias is hit by Jason Pominville and loses puck.
13:39 of 1st period - Slapshot by Jeremy Roenick.
13:39 of 1st period - Shot Misses the Net.
13:41 of 1st period - Snap shot by Jeremy Roenick.
13:41 of 1st period - Shot Misses the Net.
13:53 of 1st period - Wrist shot by David Legwand.
13:53 of 1st period - Shot Misses the Net.
14:12 of 1st period - Off-side.
14:13 of 1st period - Jeremy Roenick wins face-off versus Alexei Kovalev in neutral zone.
14:44 of 1st period - Slapshot by Marcus Nilson.
14:44 of 1st period - Stopped by Antti Niemi with a rebound.
14:48 of 1st period - Slapshot by Mathieu Schneider.
14:48 of 1st period - Stopped by Antti Niemi without a rebound.
14:49 of 1st period - Mike Comrie wins face-off versus Mike Modano in Avalanche zone.
15:04 of 1st period - Wrist shot by Mike Comrie.
15:04 of 1st period - Stopped by Chris Osgood with a rebound.
15:51 of 1st period - Slapshot by Mathieu Schneider.
15:51 of 1st period - Shot Misses the Net.
16:27 of 1st period - Slapshot by Jeremy Roenick.
16:27 of 1st period - Shot Blocked by Mathieu Schneider.
16:29 of 1st period - Slapshot by Ryan Smyth.
16:29 of 1st period - Shot Misses the Net.
16:31 of 1st period - Snap shot by Jason Pominville.
16:31 of 1st period - Stopped by Chris Osgood with a rebound.
16:33 of 1st period - Slapshot by Frantisek Kaberle.
16:33 of 1st period - Shot Misses the Net.
16:49 of 1st period - Wrist shot by Alexei Kovalev.
16:49 of 1st period - Stopped by Antti Niemi with a rebound.
16:59 of 1st period - Snap shot by Ryan Smyth.
16:59 of 1st period - Deflect By Jason Pominville.
16:59 of 1st period - Stopped by Chris Osgood with a rebound.
17:01 of 1st period - Slapshot by Frantisek Kaberle.
17:01 of 1st period - Stopped by Chris Osgood with a rebound.
17:03 of 1st period - Snap shot by Jason Pominville.
17:03 of 1st period - Shot Misses the Net.
17:05 of 1st period - Slapshot by Ossi Vaananen.
17:05 of 1st period - Stopped by Chris Osgood without a rebound.
17:06 of 1st period - David Legwand wins face-off versus Mike Comrie in Stars zone.
17:13 of 1st period - Snap shot by Patrik Elias.
17:13 of 1st period - Shot Misses the Net.
17:17 of 1st period - Slapshot by David Legwand.
17:17 of 1st period - Shot Misses the Net.
17:19 of 1st period - Slapshot by Branislav Mezei.
17:19 of 1st period - Shot Misses the Net.
17:21 of 1st period - Wrist shot by Branislav Mezei.
17:21 of 1st period - Shot Blocked by Bobby Ryan.
17:31 of 1st period - Branislav Mezei is hit by Rostislav Olesz and loses puck.
17:36 of 1st period - Snap shot by Éric Perrin.
17:36 of 1st period - Stopped by Chris Osgood with a rebound.
17:38 of 1st period - Slapshot by Ron Hainsey.
17:38 of 1st period - Shot Misses the Net.
17:40 of 1st period - Wrist shot by Rostislav Olesz.
17:40 of 1st period - Shot Misses the Net.
17:42 of 1st period - Slapshot by Sami Salo.
17:42 of 1st period - Shot Misses the Net.
17:59 of 1st period - Filip Novak is hit by Andrew Ladd.
18:12 of 1st period - Minor Penalty to Mike Comrie for High sticking.
18:13 of 1st period - David Legwand wins face-off versus Rod Brind'Amour in Avalanche zone.
18:22 of 1st period - Wrist shot by David Legwand.
18:22 of 1st period - Stopped by Antti Niemi without a rebound.
18:23 of 1st period - David Legwand wins face-off versus Rod Brind'Amour in Avalanche zone.
18:40 of 1st period - Ron Hainsey is hit by Nathan Horton and loses puck.
19:05 of 1st period - Snap shot by Patrik Elias.
19:05 of 1st period - Shot Blocked by Rod Brind'Amour.
19:07 of 1st period - Slapshot by Mathieu Schneider.
19:07 of 1st period - Deflect By Nathan Horton.
19:07 of 1st period - Shot Misses the Net.
19:07 of 1st period - Puck is out of play.
19:08 of 1st period - Mike Modano wins face-off versus Chuck Kobasew in Avalanche zone.
19:09 of 1st period - Snap shot by Alexei Kovalev.
19:09 of 1st period - Stopped by Antti Niemi with a rebound.
19:11 of 1st period - Snap shot by Alexei Kovalev.
19:11 of 1st period - Deflect By Mike Modano.
19:11 of 1st period - Shot Misses the Net.
19:11 of 1st period - Puck is out of play.
19:12 of 1st period - Chuck Kobasew wins face-off versus Mike Modano in Avalanche zone.
19:16 of 1st period - Off-side.
19:17 of 1st period - Mike Modano wins face-off versus Chuck Kobasew in neutral zone.
19:22 of 1st period - Snap shot by Alexei Kovalev.
19:22 of 1st period - Goal by Alexei Kovalev - Avalanche : 0 - Stars : 1.
19:23 of 1st period - David Legwand wins face-off versus Jeremy Roenick in neutral zone.
2nd period
0:01 of 2nd period - David Legwand wins face-off versus Jeremy Roenick in neutral zone.
0:04 of 2nd period - Snap shot by Patrik Elias.
0:04 of 2nd period - Shot Misses the Net.
0:14 of 2nd period - Slapshot by Ryan Smyth.
0:14 of 2nd period - Shot Blocked by Johnny Oduya.
0:26 of 2nd period - Alexei Kovalev is hit by Jack Johnson.
0:50 of 2nd period - Branislav Mezei is hit by Andrew Ladd and loses puck.
0:57 of 2nd period - Wrist shot by Chuck Kobasew.
0:57 of 2nd period - Stopped by Chris Osgood without a rebound.
0:58 of 2nd period - Jeremy Roenick wins face-off versus David Legwand in Stars zone.
2:09 of 2nd period - Snap shot by Éric Perrin.
2:09 of 2nd period - Goal by Éric Perrin - Avalanche : 1 - Stars : 1.
2:10 of 2nd period - Jeremy Roenick wins face-off versus David Legwand in neutral zone.
2:12 of 2nd period - Off-side.
2:13 of 2nd period - David Legwand wins face-off versus Jeremy Roenick in neutral zone.
3:13 of 2nd period - Off-side.
3:14 of 2nd period - David Legwand wins face-off versus Jeremy Roenick in neutral zone.
3:17 of 2nd period - Slapshot by Patrik Elias.
3:17 of 2nd period - Shot Misses the Net.
3:19 of 2nd period - Snap shot by Brendan Bell.
3:19 of 2nd period - Shot Misses the Net.
4:24 of 2nd period - Mathieu Schneider is hit by Jason Pominville and loses puck.
5:15 of 2nd period - Slapshot by Chuck Kobasew.
5:15 of 2nd period - Deflect By Rod Brind'Amour.
5:15 of 2nd period - Stopped by Chris Osgood with a rebound.
5:17 of 2nd period - Snap shot by Sami Salo.
5:17 of 2nd period - Stopped by Chris Osgood with a rebound.
5:49 of 2nd period - Alexei Kovalev is hit by Jack Johnson and loses puck.
5:54 of 2nd period - Snap shot by Ryan Smyth.
5:54 of 2nd period - Shot Misses the Net.
6:04 of 2nd period - Snap shot by Alexei Kovalev.
6:04 of 2nd period - Deflect By Jeremy Roenick.
6:04 of 2nd period - Stopped by Antti Niemi without a rebound.
6:05 of 2nd period - Bobby Ryan wins face-off versus David Legwand in Avalanche zone.
6:18 of 2nd period - Snap shot by Patrik Elias.
6:18 of 2nd period - Stopped by Antti Niemi with a rebound.
6:27 of 2nd period - Icing by Bobby Ryan.
6:28 of 2nd period - Steve Rucchin wins face-off versus Mike Comrie in Avalanche zone.
6:29 of 2nd period - Snap shot by Marcus Nilson.
6:29 of 2nd period - Stopped by Antti Niemi without a rebound.
6:30 of 2nd period - Jeremy Roenick wins face-off versus Evgeny Artyukhin in Avalanche zone.
6:30 of 2nd period - Jeremy Roenick is hit by Evgeny Artyukhin.
6:55 of 2nd period - David Legwand is hit by Bobby Ryan and loses puck.
7:01 of 2nd period - Icing by Mathieu Schneider.
7:02 of 2nd period - David Legwand wins face-off versus Mike Comrie in Stars zone.
7:34 of 2nd period - Wrist shot by Chuck Kobasew.
7:34 of 2nd period - Stopped by Chris Osgood without a rebound.
7:35 of 2nd period - Jeremy Roenick wins face-off versus Mike Modano in Stars zone.
8:04 of 2nd period - Snap shot by Steve Rucchin.
8:04 of 2nd period - Deflect By Marcus Nilson.
8:04 of 2nd period - Shot Blocked by Jack Johnson.
8:04 of 2nd period - Puck is out of play.
8:05 of 2nd period - Mike Comrie wins face-off versus David Legwand in Avalanche zone.
8:10 of 2nd period - Frantisek Kaberle is hit by Patrik Elias and loses puck.
8:15 of 2nd period - Snap shot by Patrik Elias.
8:15 of 2nd period - Stopped by Antti Niemi with a rebound.
8:30 of 2nd period - Minor Penalty to Bobby Ryan for Holding.
8:31 of 2nd period - Mike Modano wins face-off versus Rod Brind'Amour in Avalanche zone.
8:36 of 2nd period - Snap shot by Alexei Kovalev.
8:36 of 2nd period - Stopped by Antti Niemi with a rebound.
9:06 of 2nd period - Wrist shot by David Legwand.
9:06 of 2nd period - Shot Blocked by Ossi Vaananen.
9:50 of 2nd period - Johnny Oduya is hit by Jack Johnson and loses puck.
10:30 of 2nd period - Penalty to Bobby Ryan is over, Bobby Ryan is back on ice.
10:37 of 2nd period - Icing by Martin Lapointe.
10:38 of 2nd period - Steve Rucchin wins face-off versus Jeremy Roenick in Avalanche zone.
10:53 of 2nd period - Ossi Vaananen is hit by Branislav Mezei and loses puck.
11:01 of 2nd period - Minor Penalty to Ossi Vaananen for High sticking.
11:02 of 2nd period - Rod Brind'Amour wins face-off versus Mike Modano in Avalanche zone.
13:01 of 2nd period - Penalty to Ossi Vaananen is over, Ossi Vaananen is back on ice.
13:07 of 2nd period - Mathieu Schneider is hit by Ryan Smyth and loses puck.
13:32 of 2nd period - Snap shot by Glen Metropolit.
13:32 of 2nd period - Shot Misses the Net.
13:34 of 2nd period - Slapshot by Branislav Mezei.
13:34 of 2nd period - Stopped by Antti Niemi with a rebound.
13:36 of 2nd period - Slapshot by Filip Novak.
13:36 of 2nd period - Shot Blocked by Frantisek Kaberle.
14:07 of 2nd period - Icing by Brendan Bell.
14:08 of 2nd period - Jeremy Roenick wins face-off versus Steve Rucchin in Stars zone.
14:52 of 2nd period - Andrew Ladd is hit by Cory Stillman.
14:55 of 2nd period - Off-side.
14:56 of 2nd period - Rod Brind'Amour wins face-off versus Mike Modano in neutral zone.
14:59 of 2nd period - Mathieu Schneider is hit by Ossi Vaananen and loses puck.
15:56 of 2nd period - Icing by Randy Jones.
15:57 of 2nd period - Mike Modano wins face-off versus Ryan Smyth in Stars zone.
16:10 of 2nd period - Wrist shot by Jason Pominville.
16:10 of 2nd period - Shot Misses the Net.
16:22 of 2nd period - Wrist shot by Mike Modano.
16:22 of 2nd period - Stopped by Antti Niemi with a rebound.
16:24 of 2nd period - Slapshot by Brendan Bell.
16:24 of 2nd period - Shot Misses the Net.
16:28 of 2nd period - Snap shot by Mike Modano.
16:28 of 2nd period - Shot Misses the Net.
16:30 of 2nd period - Snap shot by Cory Stillman.
16:30 of 2nd period - Stopped by Antti Niemi with a rebound.
16:32 of 2nd period - Snap shot by Alexei Kovalev.
16:32 of 2nd period - Shot Blocked by Sami Salo.
16:34 of 2nd period - Slapshot by Alexei Kovalev.
16:34 of 2nd period - Shot Blocked by Ron Hainsey.
17:04 of 2nd period - Slapshot by Alexei Kovalev.
17:04 of 2nd period - Shot Blocked by Ron Hainsey.
17:06 of 2nd period - Snap shot by Randy Jones.
17:06 of 2nd period - Stopped by Antti Niemi without a rebound.
17:07 of 2nd period - David Legwand wins face-off versus Jeremy Roenick in Avalanche zone.
17:32 of 2nd period - Jason Pominville is hit by Johnny Oduya and loses puck.
17:55 of 2nd period - Snap shot by Ryan Smyth.
17:55 of 2nd period - Stopped by Chris Osgood with a rebound.
17:57 of 2nd period - Snap shot by Ryan Smyth.
17:57 of 2nd period - Stopped by Chris Osgood without a rebound.
17:58 of 2nd period - Éric Perrin wins face-off versus David Legwand in Stars zone.
17:59 of 2nd period - Wrist shot by Rostislav Olesz.
17:59 of 2nd period - Shot Misses the Net.
18:06 of 2nd period - Minor Penalty to Rostislav Olesz for Holding.
18:07 of 2nd period - Rod Brind'Amour wins face-off versus David Legwand in Avalanche zone.
18:23 of 2nd period - Slapshot by Martin Lapointe.
18:23 of 2nd period - Stopped by Chris Osgood with a rebound.
19:05 of 2nd period - Martin Lapointe is hit by David Legwand.
19:15 of 2nd period - Alexei Kovalev is hit by Jack Johnson and loses puck.
3rd period
0:01 of 3rd period - Mike Modano wins face-off versus Rod Brind'Amour in neutral zone.
0:06 of 3rd period - Penalty to Rostislav Olesz is over, Rostislav Olesz is back on ice.
0:14 of 3rd period - Slapshot by Marc Staal.
0:14 of 3rd period - Stopped by Chris Osgood without a rebound.
0:15 of 3rd period - David Legwand wins face-off versus Jeremy Roenick in Stars zone.
1:03 of 3rd period - Marcus Nilson is hit by Andrew Ladd and loses puck.
1:22 of 3rd period - Wrist shot by Éric Perrin.
1:22 of 3rd period - Shot Misses the Net.
1:28 of 3rd period - Ryan Smyth is hit by Branislav Mezei and loses puck.
1:36 of 3rd period - Icing by Frantisek Kaberle.
1:37 of 3rd period - Nathan Horton wins face-off versus Mike Comrie in Avalanche zone.
1:38 of 3rd period - Snap shot by Patrik Elias.
1:38 of 3rd period - Stopped by Antti Niemi with a rebound.
1:40 of 3rd period - Slapshot by David Legwand.
1:40 of 3rd period - Shot Misses the Net.
1:42 of 3rd period - Slapshot by Randy Jones.
1:42 of 3rd period - Stopped by Antti Niemi with a rebound.
1:44 of 3rd period - Snap shot by Patrik Elias.
1:44 of 3rd period - Shot Misses the Net.
1:46 of 3rd period - Slapshot by Randy Jones.
1:46 of 3rd period - Stopped by Antti Niemi without a rebound.
1:47 of 3rd period - Jeremy Roenick wins face-off versus David Legwand in Avalanche zone.
2:12 of 3rd period - Jack Johnson is hit by Johnny Oduya and loses puck.
2:19 of 3rd period - Snap shot by Alexei Kovalev.
2:19 of 3rd period - Stopped by Antti Niemi without a rebound.
2:20 of 3rd period - Mike Comrie wins face-off versus David Legwand in Avalanche zone.
2:31 of 3rd period - Snap shot by Patrik Elias.
2:31 of 3rd period - Goal by Patrik Elias - Avalanche : 1 - Stars : 2.
2:32 of 3rd period - David Legwand wins face-off versus Jeremy Roenick in neutral zone.
2:35 of 3rd period - Slapshot by Mathieu Schneider.
2:35 of 3rd period - Stopped by Antti Niemi with a rebound.
2:37 of 3rd period - Snap shot by David Legwand.
2:37 of 3rd period - Stopped by Antti Niemi with a rebound.
2:39 of 3rd period - Wrist shot by Patrik Elias.
2:39 of 3rd period - Shot Misses the Net.
2:41 of 3rd period - Slapshot by Johnny Oduya.
2:41 of 3rd period - Stopped by Antti Niemi without a rebound.
2:42 of 3rd period - Jeremy Roenick wins face-off versus David Legwand in Avalanche zone.
2:51 of 3rd period - Snap shot by Patrik Elias.
2:51 of 3rd period - Shot Misses the Net.
2:53 of 3rd period - Snap shot by David Legwand.
2:53 of 3rd period - Stopped by Antti Niemi without a rebound.
2:54 of 3rd period - Jeremy Roenick wins face-off versus David Legwand in Avalanche zone.
3:16 of 3rd period - Icing by Johnny Oduya.
3:17 of 3rd period - Mike Modano wins face-off versus Mike Comrie in Stars zone.
3:57 of 3rd period - Ron Hainsey is hit by Johnny Oduya.
4:21 of 3rd period - Snap shot by Ryan Smyth.
4:21 of 3rd period - Shot Misses the Net.
4:35 of 3rd period - Wrist shot by Glen Metropolit.
4:35 of 3rd period - Stopped by Antti Niemi with a rebound.
5:31 of 3rd period - Jeremy Roenick is hit by Jan Hlavac and loses puck.
5:53 of 3rd period - Off-side.
5:54 of 3rd period - David Legwand wins face-off versus Mike Comrie in neutral zone.
6:05 of 3rd period - Snap shot by Bobby Ryan.
6:05 of 3rd period - Stopped by Chris Osgood without a rebound.
6:06 of 3rd period - David Legwand wins face-off versus Mike Comrie in Stars zone.
6:31 of 3rd period - Andrew Ladd is hit by Mike Modano and loses puck.
9:30 of 3rd period - Marc Staal is hit by Randy Jones.
9:55 of 3rd period - Rod Brind'Amour is hit by Branislav Mezei and loses puck.
10:08 of 3rd period - Slapshot by Marc Staal.
10:08 of 3rd period - Stopped by Chris Osgood with a rebound.
10:20 of 3rd period - Bobby Ryan is hit by Steve Rucchin and loses puck.
10:57 of 3rd period - Sami Salo is hit by Mark Parrish and loses puck.
11:30 of 3rd period - Frantisek Kaberle is hit by Nathan Horton and loses puck.
11:43 of 3rd period - Brendan Bell is hit by Chuck Kobasew and loses puck.
13:36 of 3rd period - Jack Johnson is hit by David Legwand.
13:46 of 3rd period - Rod Brind'Amour is hit by Cory Stillman and loses puck.
15:43 of 3rd period - Ron Hainsey is hit by Randy Jones and loses puck.
16:02 of 3rd period - Chuck Kobasew is hit by Steve Rucchin and loses puck.
16:07 of 3rd period - Snap shot by Evgeny Artyukhin.
16:07 of 3rd period - Deflect By Steve Rucchin.
16:07 of 3rd period - Shot Misses the Net.
16:07 of 3rd period - Puck is out of play.
16:08 of 3rd period - Jeremy Roenick wins face-off versus David Legwand in Avalanche zone.
17:06 of 3rd period - Wrist shot by Andrew Ladd.
17:06 of 3rd period - Shot Blocked by David Legwand.
17:08 of 3rd period - Wrist shot by Ossi Vaananen.
17:08 of 3rd period - Shot Blocked by Randy Jones.
17:10 of 3rd period - Slapshot by Jarkko Ruutu.
17:10 of 3rd period - Deflect By David Legwand.
17:10 of 3rd period - Stopped by Chris Osgood without a rebound.
17:11 of 3rd period - Mike Comrie wins face-off versus Steve Rucchin in Stars zone.
17:24 of 3rd period - Wrist shot by Evgeny Artyukhin.
17:24 of 3rd period - Stopped by Antti Niemi without a rebound.
17:25 of 3rd period - David Legwand wins face-off versus Jeremy Roenick in Avalanche zone.
17:31 of 3rd period - Icing by Marc Staal.
17:32 of 3rd period - David Legwand wins face-off versus Jeremy Roenick in Avalanche zone.
17:32 of 3rd period - Minor Penalty to Jeremy Roenick for Holding.
17:33 of 3rd period - Rod Brind'Amour wins face-off versus Mike Modano in Avalanche zone.
17:33 of 3rd period - Rod Brind'Amour is hit by Alexei Kovalev.
17:40 of 3rd period - Icing by Johnny Oduya.
17:41 of 3rd period - Mike Modano wins face-off versus Rod Brind'Amour in Stars zone.
18:16 of 3rd period - Snap shot by Patrik Elias.
18:16 of 3rd period - Goal by Patrik Elias - Avalanche : 1 - Stars : 3.
18:17 of 3rd period - Jeremy Roenick wins face-off versus Patrik Elias in neutral zone.
18:27 of 3rd period - Snap shot by Ryan Smyth.
18:27 of 3rd period - Shot Misses the Net.
18:29 of 3rd period - Wrist shot by Jeremy Roenick.
18:29 of 3rd period - Stopped by Chris Osgood without a rebound.
18:30 of 3rd period - Rod Brind'Amour wins face-off versus Steve Rucchin in Stars zone.
18:55 of 3rd period - Jeremy Roenick is hit by Nathan Horton and loses puck.
19:06 of 3rd period - Snap shot by David Legwand.
19:06 of 3rd period - Stopped by Antti Niemi without a rebound.
19:07 of 3rd period - Rod Brind'Amour wins face-off versus David Legwand in Avalanche zone.
19:12 of 3rd period - Wrist shot by Nathan Horton.
19:12 of 3rd period - Stopped by Antti Niemi without a rebound.
19:13 of 3rd period - David Legwand wins face-off versus Rod Brind'Amour in Avalanche zone.
19:27 of 3rd period - Icing by Andrew Ladd.
19:28 of 3rd period - Rod Brind'Amour wins face-off versus Steve Rucchin in Avalanche zone.
19:32 of 3rd period - Major / Game Misconduct Penalty to Johnny Oduya for Attempt to injure.
19:32 of 3rd period - Johnny Oduya is ejected from game.
19:33 of 3rd period - Jeremy Roenick wins face-off versus Mike Modano in Stars zone.
19:36 of 3rd period - Snap shot by Ryan Smyth.
19:36 of 3rd period - Shot Blocked by Mike Modano.
19:38 of 3rd period - Wrist shot by Sami Salo.
19:38 of 3rd period - Deflect By Mike Modano.
19:38 of 3rd period - Goal by Sami Salo - Avalanche : 2 - Stars : 3.
19:39 of 3rd period - Mike Modano wins face-off versus Jeremy Roenick in neutral zone.
19:52 of 3rd period - Avalanche, Antti Niemi is pulled from the net.
Output by the SimonT Hockey Simulator (STHS) for François Prévost -- Original Page W3C XHTML 1.0 Valid